 Dungeon Crawl Stone Soup version 0.30.0-30-g96aa6591b8 (webtiles) character file.

Game seed: 3927324671957926421

117 monsoonserge the Shooter (level 5, -1/34 HPs)
             Began as a Djinni Hexslinger on June 28, 2023.
             Was a Believer of Hepliaklqana.
             Slain by an orc wizard
             ... wielding a +0 dagger
              (3 damage)
             ... on level 3 of the Dungeon.
             The game lasted 00:07:53 (1484 turns).

monsoonserge the Shooter (Djinni Hexslinger)        Turns: 1484, Time: 00:07:55

Health: -1/34      AC:  4    Str:  9    XL:     5   Next: 22%
Gold:   129        EV: 12    Int: 15    God:    Hepliaklqana [**....] SH:  0 Dex: 15

rFire   + + .        a - +1 sling
rCold   x . .        (no shield)
rNeg    . . .        j - +0 leather armour
rPois   ∞            (no helmet)
rElec   .            r - +0 cloak
rCorr   .            (no gloves)
SInv    .            (boots unavailable)
Will    .....        (no amulet)
Stlth   +            (no ring)
HPRegen 0.25/turn    (no ring)
MPRegen 0.00/turn

%: infuse magic (-2 HP)
@: immotile, flying
A: reduced essence, sickness immunity, fire resistance 2, cold vulnerability 1,
float, innate caster, HP casting, extra vitality 1
a: Renounce Religion, Recall Ancestor, Ancestor Identity


You were on level 3 of the Dungeon.
You worshipped Hepliaklqana.
Hepliaklqana was pleased with you.
You visited 1 branch of the dungeon, and saw 3 of its levels.

You collected 129 gold pieces.

Inventory:

Hand Weapons
 a - a +1 sling (weapon)
 l - a +1 short sword of holy wrath
Missiles
 s - 2 boomerangs
Armour
 c - a +0 robe
 e - a +0 ring mail
 h - a +0 scale mail
 j - a +0 leather armour (worn)
 r - a +0 cloak (worn)
 t - a +0 plate armour
Wands
 u - a wand of iceblast (4)
Scrolls
 b - 2 scrolls of poison
 f - 3 scrolls of blinking {unknown}
 g - a scroll of fear {unknown}
 i - 2 scrolls of teleportation {unknown}
 m - a scroll of magic mapping {unknown}
 o - a scroll of amnesia {unknown}
 p - a scroll of identify {unknown}
 q - a scroll of fog {unknown}
Potions
 d - a potion of resistance {unknown}
 k - a potion of berserk rage {unknown}
 n - a potion of degeneration {unknown}


   Skills:
 + Level 1.8 Fighting
 + Level 3.1 Ranged Weapons
 * Level 0.5 Armour
 + Level 2.3 Dodging
 * Level 3.0 Spellcasting


You knew the following spells:

 Your Spells              Type           Power      Damage    Failure   Level
a - Slow                  Hex            44%        N/A       8%          1
b - Inner Flame           Hex/Fire       11%        N/A       24%         3
c - Portal Projectile     Hex/Tloc       22%        N/A       24%         3
d - Cause Fear            Hex            5%         N/A       61%         4
e - Foxfire               Conj/Fire      44%        2x1d6     8%          1
f - Momentum Strike       Conj/Tloc      22%        3d8       12%         2
Your spell library was empty.

Dungeon Overview and Level Annotations

Branches:
Dungeon (3/15)

Altars:
Elyvilon
Hepliaklqana


Innate Abilities, Weirdness & Mutations

Your life essence is reduced to manifest your ancestor. (-10% HP)
You are immune to sickness and miasma.
You are immune to poison.
Your flesh is very heat resistant. (rF++)
You are vulnerable to cold. (rC-)
You float through the air rather than walking.
You learn spells naturally, not from books.
Your magical power is your life essence.
You have superior vitality. (+4 MHP)


Message History

Fire: a) +1 sling
Press: ? - help, Q - select action, (/) - cycle Shift-Dir - straight line, f/p - orc priest
Aim: an orc priest, wielding a +0 short sword (ally target, 57% to hit)
You shoot a sling bullet.
The sling bullet barely misses the orc priest.
The orc wizard casts a spell at you. You resist with some effort.
Casting: Foxfire (safe; 8% risk of failure)
Confirm with . or Enter, or press ? or * to list all spells.
Okay, then.
Casting: Foxfire (safe; 8% risk of failure)
Confirm with . or Enter, or press ? or * to list all spells.
Okay, then.
Casting: Foxfire (safe; 8% risk of failure)
Confirm with . or Enter, or press ? or * to list all spells.
Aiming: Momentum Strike (safe; 12% risk of failure)
Press: ? - help, Dir - move target, f/p - orc priest
Aim: an orc priest, wielding a +0 short sword (ally target, 68% to hit)
The concentrated momentum hits the orc priest!
The orc priest is severely wounded.
You are unable to move.
* * * LOW HITPOINT WARNING * * *
Chitauli hits the orc priest with a +0 flail.
Fire: a) +1 sling
Press: ? - help, Q - select action, (/) - cycle Shift-Dir - straight line, f/p - orc priest
Aim: an orc priest, wielding a +0 short sword (almost dead, not watching you, ally target, 57% to hit)
You shoot a sling bullet.
The sling bullet barely misses the orc priest.
The orc priest hits Chitauli but does no damage.
Chitauli barely misses the orc priest.
The orc priest closely misses Chitauli.
Casting: Momentum Strike (safe; 12% risk of failure)
Confirm with . or Enter, or press ? or * to list all spells.
Okay, then.
Casting: Momentum Strike (safe; 12% risk of failure)
Confirm with . or Enter, or press ? or * to list all spells.
You conjure some foxfire!
* * * LOW HITPOINT WARNING * * *
The orc priest hits Chitauli with a +0 short sword.
The orc wizard hits you with a +0 dagger.
You die...

##..#...#..###..
##..)#)..#.......
##..##.###.##..## .#
##...#†#...#.#...##.#
##.(##.##...##.##..#.#
#...#.#...#...#.#....#
#.##.##..###..##.##..#
#.#R#...## ##...#.#..#
###@.## ##..###...
....o.vov# ##.....#.
....§R...# ##.###..
...o§§.)## #.# #..
.....§§.# #..###..
........# ....)...
......... #####....
....)...# #.#.. .....#


You could see the friendly Chitauli the knight, an orc priest (distracted, ally
target), an orc wizard (ally target) and an orc.

Vanquished Creatures
  Jessica (D:3)
  A shadow imp (D:3)
  2 dart slugs
  3 orcs (D:2)
  3 ball pythons
  2 endoplasms (D:2)
  A giant cockroach (D:1)
  4 goblins
  4 hobgoblins
  A quokka (D:2)
  2 bats
  3 frilled lizards
  7 kobolds
  3 rats
37 creatures vanquished.

Vanquished Creatures (collateral kills)
  2 adders (D:2)
  A worm (D:2)
  A dart slug (D:2)
  3 orcs
  A bat (D:2)
  An endoplasm (D:2)
  A giant cockroach (D:1)
  A hobgoblin (D:2)
  2 kobolds
  A frilled lizard (D:2)
  A rat (D:1)
15 creatures vanquished.

Vanquished Creatures (others)
  6 foxfires
6 creatures vanquished.

Grand Total: 58 creatures vanquished

Notes
Turn   | Place    | Note
-------+----------+-------------------------------------------
     0 | D:1      | monsoonserge the Djinni Hexslinger began the quest for the
                  | Orb.
     0 | D:1      | monsoonserge set off with the following spells memorised:
                  | Slow, Inner Flame, Portal Projectile, Cause Fear.
     0 | D:1      | Reached XP level 1. HP: 17/17 MP: 0/0
   132 | D:1      | Found a faded altar of an unknown god.
   148 | D:1      | Prayed at the altar of an unknown god.
   148 | D:1      | Became a worshipper of Hepliaklqana the Forgotten
   148 | D:1      | Reached * piety under Hepliaklqana
   192 | D:1      | Reached XP level 2. HP: 19/19 MP: 0/0
   695 | D:2      | Reached XP level 3. HP: 24/24 MP: 0/0
   695 | D:2      | Learned a level 1 spell: Foxfire
   821 | D:2      | Reached XP level 4. HP: 28/28 MP: 0/0
  1108 | D:2      | Reached ** piety under Hepliaklqana
  1109 | D:2      | Remembered your ancestor Chitauli as a knight
  1383 | D:3      | Found a white marble altar of Elyvilon.
  1420 | D:3      | Noticed Jessica
  1422 | D:3      | Killed Jessica
  1423 | D:3      | Reached XP level 5. HP: 31/33 MP: 0/0
  1423 | D:3      | Learned a level 2 spell: Momentum Strike
  1484 | D:3      | Slain by an orc wizard

Illustrated notes

Levels and vault maps discovered:
D:1:      dpeg_arrival_rooms_with_view, layout_loops_ring,
          shapermc_ecumenical_altar_gd
D:2:      layout_basic, kennysheep_generic_room_4
D:3:      layout_rooms, mainiacjoe_overflow_small_starburst, skrybe_limestone_x,
          minmay_vboxes, uniq_jessica

Skill      XL: |  1  2  3  4 |
---------------+-------------+-----
Ranged Weapons | 2 3 |  3.1
Spellcasting   | 3 |  3.0
Fighting       | |  1.8
Armour         | |  0.5
Dodging        | |  2.3

Action                     |  1- 3 |  4- 6 || total
---------------------------+-------+-------++-------
   Fire: Sling             |    61 |    57 ||   118
   Cast: Slow              |     1 |       ||     1
         Foxfire           |       |     5 ||     5
         Inner Flame       |       |     1 ||     1
         Momentum Strike   |       |     1 ||     1
 Invoke: Ancestor Life: Kn |       |     1 ||     1
 Armour: Leather armour    |     2 |     6 ||     8
  Dodge: Dodged            |     5 |    14 ||    19
